 Dungeon Crawl Stone Soup version 0.22.1-2-g9c5b331 (webtiles) character file.

4484 Lilu the Destroyer (level 10, -5/56 HPs)
             Began as a Deep Elf Conjurer on Nov 15, 2018.
             Was a Believer of Vehumet.
             Splashed by an acid dragon's acid (14 damage)
             ... on level 8 of the Dungeon.
             The game lasted 00:25:57 (8308 turns).

Lilu the Destroyer (Deep Elf Conjurer)              Turns: 8308, Time: 00:25:58

Health: -5/56      AC:  3    Str: 14    XL:     10   Next: 16%
Magic:  16/26      EV: 16    Int: 24    God:    Vehumet [**....]
Gold:   425        SH:  4    Dex: 15    Spells: 22/29 levels left

rFire    + + .     SeeInvis .   x - +11 spear of Xivedeu {elec, *Contam +Blink rElec rF++}
rCold    + + .     Gourm    .   a - +0 buckler (curse)
rNeg     . . .     Faith    .   s - +0 leather armour of Understanding {rC++ Regen+ Str+5} (curse)
rPois    .         Spirit   .   b - +1 helmet
rElec    +         Reflect  .   z - +0 cloak
rCorr    .         Harm     .   (no gloves)
MR       +....                  B - +0 pair of boots
Stlth    ++........             (no amulet)
HPRegen  0.58/turn              o - +4 ring of strength
MPRegen  0.20/turn              (no ring)

@: corroded
A: no striking features
a: Renounce Religion, Evoke Blink


You were on level 8 of the Dungeon.
You worshipped Vehumet.
Vehumet was pleased with you.
You were not hungry.

You visited 2 branches of the dungeon, and saw 9 of its levels.

You collected 425 gold pieces.

Inventory:

Hand Weapons
 u - a +4 blowgun
 x - the +11 spear of Xivedeu (weapon) {elec, *Contam +Blink rElec rF++}
   (You took it off an orc on level 3 of the Dungeon)

   Occasionally, upon striking a foe, it will discharge some electrical energy
   and cause terrible harm.
   It greatly protects you from fire.
   It insulates you from electricity.
   It lets you blink.
   It causes magical contamination when unequipped.
 G - the +8 long sword "Killer Klown's Bane" {vamp, rN+ Str+2}
   (You found it on level 7 of the Dungeon)

   It inflicts no extra harm, but heals its wielder when it wounds a living foe.
   It affects your strength (+2).
   It protects you from negative energy.
Missiles
 f - 190 stones (quivered)
 j - 36 bolts
 n - 72 arrows
 p - 16 tomahawks
 q - 90 sling bullets
 v - 35 poisoned needles
Armour
 a - a cursed +0 buckler (worn)
 b - a +1 helmet (worn)
 s - the cursed +0 leather armour of Understanding (worn) {rC++ Regen+ Str+5}
   (You found it on level 4 of the Dungeon)

   It affects your strength (+5).
   It greatly protects you from cold.
   It increases your rate of regeneration.
   It has a curse placed upon it.
 y - a +2 ring mail
 z - a +0 cloak (worn)
 B - a +0 pair of boots (worn)
 C - quicksilver dragon scales
Jewellery
 o - a +4 ring of strength (left hand)
Wands
 F - a wand of polymorph (19)
 H - a wand of digging (10)
Scrolls
 d - a scroll of amnesia {unknown}
 h - 3 scrolls of teleportation
 k - 5 scrolls of remove curse
 r - 5 scrolls of enchant armour
 A - 2 scrolls of enchant weapon {unknown}
Potions
 e - 3 potions of curing
 i - a potion of haste {unknown}
 l - 2 potions of lignification
 m - 4 potions of degeneration
 t - a potion of flight {unknown}
 w - a potion of mutation {unknown}
 D - a potion of magic {unknown}
 E - a potion of might {unknown}
Comestibles
 c - 12 rations
 g - 4 chunks of flesh


   Skills:
 + Level 3.8 Fighting
 - Level 8.0 Dodging
 - Level 2.4 Stealth
 + Level 1.9 Shields
 + Level 10.1 Spellcasting
 + Level 11.1 Conjurations
 - Level 2.0 Evocations


You had 22 spell levels left.
You knew the following spells:

 Your Spells              Type           Power        Failure   Level  Hunger
a - Magic Dart            Conj           ####         1%          1    None
b - Searing Ray           Conj           ######       1%          2    None
c - Iskenderun's Mystic   Conj           ######..     1%          4    #......

Your spell library contained the following spells:

 Spells                   Type           Power        Failure   Level  Hunger
 Throw Frost              Conj/Ice       #####.       1%          2    None
 Shock                    Conj/Air       ####         1%          1    None
 Dazzling Spray           Conj/Hex       #####.       2%          3    None
 Static Discharge         Conj/Air       #####...     2%          3    None
 Force Lance              Conj/Tloc      #####...     9%          4    #......
 Fulminant Prism          Conj/Hex       #####.....   9%          4    #......
 Swiftness                Chrm/Air       ##......     13%         2    None
 Lightning Bolt           Conj/Air       #####.....   24%         5    ####...
 Airstrike                Air            ##........   63%         4    #......


Dungeon Overview and Level Annotations

Branches:
Dungeon (8/15)             Temple (1/1) D:5
   Lair: D:8-11

Altars:
Ashenzari
Cheibriados
Elyvilon
Fedhas
Hepliaklqana
Kikubaaqudgha
Makhleb
Nemelex Xobeh
Okawaru
Qazlal
Uskayaw
Vehumet
Wu Jian
Xom
Yredelemnul
Zin
Beogh

Shops:
D:6 *%}=

Annotations:
D:4 2 transporters


Message History

The centaur warrior is severely wounded.
The centaur warrior hits you but does no damage.
The centaur warrior hits you!
* * * LOW HITPOINT WARNING * * *
The searing ray hits the centaur warrior.
You kill the centaur warrior!
Vehumet accepts your kill.
You feel your power returning.
Your Spellcasting skill increases to level 10!
Your Conjurations skill increases to level 11!
You have reached level 10!
The searing ray hits the acid dragon.
The acid dragon is severely wounded.
You finish channeling your searing ray.
You feel better. The acid dragon spits acid at you.
The splash of acid hits you!
* * * LOW HITPOINT WARNING * * *
The acid corrodes you!
You are splashed with acid!
The acid burns!
You die...

..# ####...)..#.#...#.#.#.#....
#.#####......#..#.#.#)#.#........
#..##.......##..#.#...#.#.#.....!
##..##.....####.#..###..#.#......
##..###.....###.#.....#.##......
##...##.....###.#####.##...###.
##..##.#####J###. ..##........
#..##.## ##(########.........
###..#.## ##@#...............
..)..#.# #D#..........##...
####.#.# #.#.........## #Z. #.#.#
#.#..#......# .. #.#.##
#.#.........# . #.##.##
.##..........# #..##.###
##.........#... ##..##..#
##..#.......###.
#...#######....#.#.....


You could see an acid dragon and a jelly.

Vanquished Creatures
  A centaur warrior (D:8)
  Pikel (D:4)
  A hungry ghost (D:7)
  Menkaure (D:6)
  2 orc warriors (D:6)
  4 sky beasts
  A black bear (D:8)
  2 ice beasts (D:6)
  5 ogres
  2 centaurs
  The ghost of Jaiteiro the Insei, an amateur OpTm of Cheibriados (D:3)
  Blork the orc (D:4)
  3 bullfrogs
  3 killer bees (D:7)
  3 wights (D:8)
  A howler monkey (D:8)
  2 crimson imps (D:5)
  2 hounds
  A jelly (D:7)
  5 orc priests
  3 bullfrog zombies (D:5)
  A centaur zombie (D:6)
  5 orc wizards
  3 bullfrog skeletons
  5 worker ants
  A worker ant zombie (D:7)
  5 gnolls
  6 adders
  A shadow imp (D:6)
  3 oozes
  2 adder zombies
  3 adder skeletons
  4 worms
  2 dart slugs (D:1)
  6 leopard geckos
  32 orcs
  3 ball pythons
  7 giant cockroaches
  11 goblins
  7 hobgoblins
  12 jackals
  5 kobolds
  A quokka (D:4)
  11 bats
  8 frilled lizards
  A quokka skeleton (D:5)
  13 rats
203 creatures vanquished.

Vanquished Creatures (others)
  A worm (D:4)
  A withered plant (D:6)
2 creatures vanquished.

Grand Total: 205 creatures vanquished

Notes
Turn   | Place    | Note
-------+----------+-------------------------------------------
     0 | D:1      | Lilu the Deep Elf Conjurer began the quest for the Orb.
     0 | D:1      | Reached XP level 1. HP: 10/10 MP: 6/6
   101 | D:1      | Reached XP level 2. HP: 15/15 MP: 4/8
   350 | D:1      | Reached skill level 5 in Conjurations
   671 | D:1      | Reached XP level 3. HP: 19/19 MP: 7/10
  1229 | D:1      | Learned a level 2 spell: Searing Ray
  1240 | D:1      | Found a shadowy altar of Dithmenos.
  1242 | D:1      | Found a deep blue altar of Sif Muna.
  1242 | D:1      | Found an ancient bone altar of Kikubaaqudgha.
  1245 | D:1      | Found a shimmering altar of Xom.
  1245 | D:1      | Found an iron altar of Okawaru.
  1245 | D:1      | Found a sparkling altar of Nemelex Xobeh.
  1721 | D:2      | Reached XP level 4. HP: 24/24 MP: 8/12
  2312 | D:2      | Reached skill level 6 in Conjurations
  2531 | D:3      | Reached XP level 5. HP: 17/28 MP: 5/14
  2924 | D:3      | Reached skill level 5 in Spellcasting
  2924 | D:3      | Reached skill level 7 in Conjurations
  3305 | D:3      | Reached XP level 6. HP: 28/32 MP: 16/16
  3539 | D:3      | Found a runed gate.
  3539 | D:3      | Noticed Jaiteiro's ghost (amateur OpTm)
  3540 | D:3      | Found a runed gate.
  3541 | D:3      | Found a runed gate.
  3551 | D:3      | Found a roughly hewn altar of Beogh.
  3997 | D:3      | Killed Jaiteiro's ghost
  4001 | D:3      | Got a translucent spear {elec}
  4002 | D:3      | Identified the +11 spear of Xivedeu {elec, *Contam +Blink
                  | rElec rF++} (You took it off an orc on level 3 of the
                  | Dungeon)
  4120 | D:3      | Learned a level 4 spell: Iskenderun's Mystic Blast
  4390 | D:4      | Noticed a slave
  4500 | D:4      | Reached skill level 8 in Conjurations
  4500 | D:4      | Reached XP level 7. HP: 32/36 MP: 12/18
  4559 | D:4      | Noticed Pikel
  4573 | D:4      | Killed Pikel
  4573 | D:4      | Reached skill level 9 in Conjurations
  4869 | D:4      | Found a transporter.
  4883 | D:4      | Got a transparent leather armour
  4884 | D:4      | Identified the cursed +0 leather armour of Understanding
                  | {rC++ Regen+ Str+5} (You found it on level 4 of the
                  | Dungeon)
  5029 | D:4      | Reached XP level 8. HP: 36/41 MP: 15/21
  5079 | D:4      | Found a transporter.
  5085 | D:4      | Noticed Blork the orc
  5093 | D:4      | Killed Blork the orc
  5251 | D:4      | Found a stormy altar of Qazlal.
  5409 | D:5      | Entered Level 5 of the Dungeon
  5471 | D:5      | Found a staircase to the Ecumenical Temple.
  5521 | D:5      | Reached skill level 10 in Conjurations
  5546 | Temple   | Entered the Ecumenical Temple
  5583 | Temple   | Became a worshipper of Vehumet
  5708 | D:5      | Reached skill level 1 in Fighting
  5909 | D:6      | Noticed Menkaure
  5917 | D:6      | Killed Menkaure
  6034 | D:6      | Reached skill level 5 in Dodging
  6124 | D:6      | Reached XP level 9. HP: 48/48 MP: 18/23
  6289 | D:6      | Found Eclem's Gadget Shop.
  6295 | D:6      | Reached * piety under Vehumet
  6295 | D:6      | Offered knowledge of Sting by Vehumet.
  6419 | D:6      | Found an ancient bone altar of Kikubaaqudgha.
  6691 | D:6      | Found Ibextaec's Jewellery Emporium.
  7036 | D:6      | Found Ywuak's Food Shop.
  7116 | D:6      | Found Violoite's Assorted Antiques.
  7455 | D:7      | Reached skill level 1 in Evocations
  7727 | D:7      | Got a warped long sword
  7729 | D:7      | Identified the +8 long sword "Killer Klown's Bane" {vamp,
                  | rN+ Str+2} (You found it on level 7 of the Dungeon)
  8178 | D:8      | Offered knowledge of Throw Frost by Vehumet.
  8178 | D:8      | Reached skill level 1 in Shields
  8227 | D:8      | Reached ** piety under Vehumet
  8293 | D:8      | Noticed a centaur warrior
  8307 | D:8      | Killed a centaur warrior
  8307 | D:8      | Reached skill level 10 in Spellcasting
  8307 | D:8      | Reached skill level 11 in Conjurations
  8307 | D:8      | Reached XP level 10. HP: 13/56 MP: 17/26
  8308 | D:8      | Splashed by an acid dragon's acid

Skill      XL: |  1  2  3  4  5  6  7  8  9 |
---------------+----------------------------+-----
Conjurations   | 5 6 7 8 9 10 11 | 11.1
Spellcasting   | 4 5 6 7 8 10 | 10.1
Dodging        | 5 8 |  8.0
Fighting       | 2 3 |  3.8
Evocations     | 2 |  2.0
Shields        | 1 |  1.9
Stealth        | |  2.4

Action                   |  1- 3 |  4- 6 |  7- 9 | 10-12 || total
-------------------------+-------+-------+-------+-------++-------
Melee: Halberd           |    30 |    33 |       |       ||    63
       Spear             |       |    15 |   101 |       ||   116
 Fire: Blowgun           |       |     3 |       |       ||     3
 Cast: Magic Dart        |    52 |    58 |    15 |       ||   125
       Searing Ray       |     3 |    16 |    48 |       ||    67
  Use: Scroll            |       |       |     7 |       ||     7
       Potion            |       |       |       |     1 ||     1
 Stab: Sleeping          |     1 |     4 |     6 |       ||    11
       Distracted        |       |     1 |       |       ||     1
  Eat: Chunk             |     2 |     9 |    12 |       ||    23
Armor: Robe              |    11 |    13 |       |       ||    24
       Ring mail         |       |       |     3 |       ||     3
       Leather armour    |       |       |    33 |       ||    33
Dodge: Dodged            |    33 |    47 |    95 |       ||   175
Block: Buckler           |       |       |     8 |       ||     8
